[Event "Queens Festival Final Team 2022"]
[Site "Tornelo"]
[Date "2022.06.26"]
[Round "2.4"]
[White "Hong, Xing"]
[Black "Mammadova, Aysel"]
[Result "1/2-1/2"]
[ECO "C47"]
[WhiteElo "1999"]
[BlackElo "1893"]
[Annotator "NA RC"]
[PlyCount "88"]
[EventDate "2022.06.24"]
[EventType "team-tourn"]
[EventCountry "NET"]
[SourceTitle "playchess.com"]
[Source "ChessBase"]
[SourceQuality "1"]
[WhiteTeam "China"]
[BlackTeam "Azerbaijan"]
[WhiteTeamCountry "CHN"]
[BlackTeamCountry "AZE"]
[TimeControl "180+2"]

1. e4 e5 2. Nf3 Nc6 3. Nc3 Nf6 4. d4 exd4 5. Nxd4 Bb4 6. Nxc6 Bxc3+ 7. bxc3 bxc6 8. Bd3 d6 9. O-O O-O 10. Bg5 h6 11. Bh4 Qe7 12. f4 Qe6 13. Qf3 Re8 14. Rae1 Bb7 15. e5 Nd7 16. f5 Qd5 17. Be4 Qxe5 18. f6 Qc5+ 19. Bf2 Qg5 20. fxg7 Qxg7 21. Bd4 Ne5 22. Qf5 Bc8 23. Qf4 c5 24. Bxa8 cxd4 25. cxd4 Ba6 26. Bd5 Bxf1 27. Qxf1 c6 28. Bxc6 Rc8 29. Be4 Ng6 30. Qf2 Re8 31. Re2 d5 32. Bxg6 Rxe2 33. Bxf7+ Qxf7 34. Qxe2 Qf6 35. Qf3 Qxd4+ 36. Qf2 Qd1+ 37. Qf1 Qxc2 38. h3 Qxa2 39. Qb5 Qa1+ 40. Kh2 Qe5+ 41. Kh1 Qe1+ 42. Kh2 Qe5+ 43. Kh1 Qe1+ 44. Kh2 Qe5+ 1/2-1/2

[Event "Queens Festival Final Team 2022"]
[Site "Tornelo"]
[Date "2022.06.26"]
[Round "2.4"]
[White "Khalilova, Khadija"]
[Black "Cui, Wen"]
[Result "1-0"]
[ECO "C96"]
[WhiteElo "1777"]
[BlackElo "1718"]
[Annotator "NA RC"]
[PlyCount "121"]
[EventDate "2022.06.24"]
[EventType "team-tourn"]
[EventCountry "NET"]
[SourceTitle "playchess.com"]
[Source "ChessBase"]
[SourceQuality "1"]
[WhiteTeam "Azerbaijan"]
[BlackTeam "China"]
[WhiteTeamCountry "AZE"]
[BlackTeamCountry "CHN"]
[TimeControl "180+2"]

1. e4 e5 2. Nf3 Nc6 3. Bb5 a6 4. Ba4 Nf6 5. d3 b5 6. Bb3 Be7 7. O-O d6 8. h3 O-O 9. c3 h6 10. Re1 Na5 11. Bc2 c5 12. d4 Qc7 13. Nbd2 Rd8 14. Nf1 cxd4 15. cxd4 Nc6 16. Be3 d5 17. exd5 Rxd5 18. Bb3 Rd8 19. Qc2 exd4 20. Nxd4 Bb7 21. Nxc6 Bxc6 22. Rac1 Rac8 23. Ng3 Bf8 24. Qf5 Qd7 25. Qg6 Bd5 26. Bxd5 Qxd5 27. Qf5 Qxf5 28. Nxf5 Kh7 29. Bb6 Re8 30. Rxe8 Rxe8 31. Kf1 g6 32. Ne3 Bg7 33. Rc7 Kg8 34. Ra7 Re6 35. Rxa6 Nd7 36. Ra8+ Kh7 37. Ba5 Bxb2 38. Bb4 Bd4 39. Nc2 Bg7 40. Ra7 Rc6 41. Ne3 Rc1+ 42. Ke2 Ne5 43. f4 Nc4 44. Rxf7 Nxe3 45. Kxe3 Kg8 46. Rb7 Rc4 47. a3 Rc2 48. g3 Rh2 49. h4 Rg2 50. Kf3 Rb2 51. Rxb5 Bc3 52. Rb6 Bxb4 53. Rxb4 Ra2 54. a4 Kg7 55. g4 Ra3+ 56. Ke4 Ra1 57. g5 hxg5 58. fxg5 Rh1 59. Kd5 Rd1+ 60. Kc6 Ra1 61. Kb6 1-0

[Event "Queens Festival Final Team 2022"]
[Site "Tornelo"]
[Date "2022.06.26"]
[Round "2.4"]
[White "Jiang, Tianyu"]
[Black "Bakhshizada, Asnad"]
[Result "1-0"]
[ECO "A00"]
[WhiteElo "1502"]
[BlackElo "1052"]
[Annotator "NA RC"]
[PlyCount "103"]
[EventDate "2022.06.24"]
[EventType "team-tourn"]
[EventCountry "NET"]
[SourceTitle "playchess.com"]
[Source "ChessBase"]
[SourceQuality "1"]
[WhiteTeam "China"]
[BlackTeam "Azerbaijan"]
[WhiteTeamCountry "CHN"]
[BlackTeamCountry "AZE"]
[TimeControl "180+2"]

1. Nc3 d5 2. e4 d4 3. Nce2 e5 4. Ng3 Nc6 5. Bb5 Bd7 6. Nf3 a6 7. Bxc6 Bxc6 8. Nxe5 Nf6 9. Nxc6 bxc6 10. d3 Bd6 11. O-O O-O 12. f4 Be7 13. Qf3 Rb8 14. Nf5 g6 15. Nxe7+ Qxe7 16. f5 Rfe8 17. Bg5 Qe5 18. Bxf6 Qxf6 19. fxg6 Qxg6 20. b4 Rxb4 21. Qf4 Rb2 22. Rf3 Kf8 23. Rg3 Qe6 24. Qxc7 Rxc2 25. Rf1 Rc8 26. Rxf7+ Qxf7 27. Qxc8+ Ke7 28. Rf3 Qe6 29. Qf8+ Kd7 30. Rf7+ Qxf7 31. Qxf7+ Kd6 32. Qf6+ Kc5 33. Qe5+ Kb6 34. Qxd4+ c5 35. Qd6+ Kb5 36. e5 Rxa2 37. e6 Re2 38. e7 a5 39. e8=Q+ Rxe8 40. Qd7+ Kb4 41. Qxe8 a4 42. Qe1+ Kb3 43. Qa1 a3 44. h4 Kc2 45. Qxa3 c4 46. dxc4 Kd2 47. c5 h5 48. c6 Kd1 49. c7 Kd2 50. c8=Q Kd1 51. Qcc1+ Ke2 52. Qae3# 1-0

[Event "Queens Festival Final Team 2022"]
[Site "Tornelo"]
[Date "2022.06.26"]
[Round "2.5"]
[White "Maksimovic, Suzana"]
[Black "Perez Rodriguez, Jennifer"]
[Result "1-0"]
[ECO "D36"]
[WhiteElo "2145"]
[BlackElo "2251"]
[Annotator "RC"]
[PlyCount "87"]
[EventDate "2022.06.24"]
[EventType "team-tourn"]
[EventCountry "NET"]
[SourceTitle "playchess.com"]
[Source "ChessBase"]
[SourceQuality "1"]
[WhiteTeam "Serbia"]
[BlackTeam "Paraguay"]
[WhiteTeamCountry "SRB"]
[BlackTeamCountry "PAR"]
[TimeControl "180+2"]

1. d4 Nf6 2. c4 e6 3. Nc3 d5 4. cxd5 exd5 5. Bg5 Be7 6. Qc2 c6 7. e3 Nbd7 8. Bd3 Nh5 9. Bxe7 Qxe7 10. Nge2 g6 11. O-O O-O 12. Rae1 Re8 13. Nd1 c5 14. dxc5 Nxc5 15. Nd4 Bd7 16. Be2 Ng7 17. f3 Rac8 18. Qd2 Qe5 19. Bb5 Bxb5 20. Nxb5 a6 21. Nd4 Nf5 22. Nxf5 Qxf5 23. Nc3 Qd3 24. Re2 Qxd2 25. Rxd2 Rxe3 26. Rxd5 Rd3 27. Rd1 Rxd1+ 28. Rxd1 Kg7 29. Kf2 Ne6 30. Rd7 Nc7 31. Ne4 Nb5 32. a4 Rc2+ 33. Kg3 Na7 34. Rxb7 Nc6 35. Nd6 Ne5 36. f4 Nd3 37. Rxf7+ Kg8 38. Ra7 Nc5 39. f5 gxf5 40. Nxf5 Ne4+ 41. Kf4 Nf6 42. Nh6+ Kh8 43. Rf7 Rf2+ 44. Kg3 1-0

[Event "Queens Festival Final Team 2022"]
[Site "Tornelo"]
[Date "2022.06.26"]
[Round "2.5"]
[White "Vukosavljevic, Tatjana"]
[Black "Perez, Dalila"]
[Result "0-1"]
[ECO "D02"]
[WhiteElo "1758"]
[BlackElo "1799"]
[Annotator "NA RC"]
[PlyCount "98"]
[EventDate "2022.06.24"]
[EventType "team-tourn"]
[EventCountry "NET"]
[SourceTitle "playchess.com"]
[Source "ChessBase"]
[SourceQuality "1"]
[WhiteTeam "Serbia"]
[BlackTeam "Paraguay"]
[WhiteTeamCountry "SRB"]
[BlackTeamCountry "PAR"]
[TimeControl "180+2"]

1. Nf3 d5 2. g3 Nf6 3. Bg2 c5 4. O-O Nc6 5. d4 Bf5 6. c4 e6 7. e3 Be7 8. b3 O-O 9. Bb2 Rc8 10. a3 Qb6 11. Nc3 dxc4 12. Na4 Qxb3 13. Qxb3 cxb3 14. Nxc5 b6 15. Nxb3 Rfd8 16. Rac1 Nd5 17. Rfe1 Be4 18. Nbd2 Bxf3 19. Bxf3 Na5 20. Bxd5 exd5 21. Kg2 Bf6 22. Kf3 g6 23. h4 h5 24. Ke2 Nc4 25. Nxc4 dxc4 26. a4 Rd5 27. Bc3 a6 28. Rb1 Rb8 29. Rb4 b5 30. Reb1 Be7 31. Rxc4 Rdd8 32. axb5 axb5 33. Rc6 b4 34. Bd2 b3 35. Rc3 b2 36. Rc2 Ba3 37. Bc3 Rdc8 38. Kd3 Rb3 39. Kd2 Rbxc3 40. Rxc3 Bb4 41. Ke2 Bxc3 42. d5 Kf8 43. e4 Bg7 44. f4 Rc1 45. Rxb2 Bxb2 46. e5 Ke7 47. Kd3 Rc3+ 48. Ke4 Rxg3 49. d6+ Ke6 0-1

[Event "Queens Festival Final Team 2022"]
[Site "Tornelo"]
[Date "2022.06.26"]
[Round "2.5"]
[White "Mayeregger Gonzalez, Renata"]
[Black "Vujovic, Vera"]
[Result "0-1"]
[ECO "B25"]
[WhiteElo "1461"]
[BlackElo "1353"]
[Annotator "NA RC"]
[PlyCount "134"]
[EventDate "2022.06.24"]
[EventType "team-tourn"]
[EventCountry "NET"]
[SourceTitle "playchess.com"]
[Source "ChessBase"]
[SourceQuality "1"]
[WhiteTeam "Paraguay"]
[BlackTeam "Serbia"]
[WhiteTeamCountry "PAR"]
[BlackTeamCountry "SRB"]
[TimeControl "180+2"]

1. e4 c5 2. Nc3 d6 3. g3 Nc6 4. Bg2 Nf6 5. Nge2 g6 6. d3 Bg7 7. O-O Bg4 8. h3 Bd7 9. Be3 O-O 10. Qd2 Qc8 11. Kh2 a6 12. Bh6 b5 13. Bxg7 Kxg7 14. Nd1 Ne5 15. f4 Nc6 16. Ne3 Nd4 17. e5 dxe5 18. Bxa8 Qxa8 19. Nxd4 exd4 20. Ng2 Bc6 21. g4 Bxg2 22. Qxg2 Nd5 23. Rae1 Ne3 24. Qxa8 Nxf1+ 25. Rxf1 Rxa8 26. Re1 e6 27. Kg3 Rc8 28. Re4 Rc6 29. h4 f5 30. gxf5 gxf5 31. Re5 Kf6 32. h5 c4 33. Re2 cxd3 34. cxd3 Rc1 35. a3 Rd1 36. Kh4 Rxd3 37. Rg2 Rf3 38. h6 Rxf4+ 39. Kh5 d3 40. Rg7 d2 41. Rd7 Rf2 42. Kh4 Kg6 43. Kg3 d1=Q 44. Rxd1 Rxb2 45. Rd6 Rb3+ 46. Kf4 Kf6 47. Rxa6 Rh3 48. Rb6 Rxh6 49. Rxb5 Rh4+ 50. Ke3 Ra4 51. Rb3 h5 52. Kf3 h4 53. Kg2 e5 54. Rb6+ Kg5 55. Rb3 e4 56. Kh3 Ra8 57. Rc3 Kf4 58. Rb3 e3 59. Rb4+ Kf3 60. Rb5 f4 61. a4 Rxa4 62. Rb2 e2 63. Rb3+ Kf2 64. Rg3 hxg3 65. Kg4 f3+ 66. Kh3 g2 67. Kh2 Rh4# 0-1

[Event "Queens Festival Final Team 2022"]
[Site "Tornelo"]
[Date "2022.06.26"]
[Round "2.5"]
[White "Mayeregger Gonzalez, Fiorella"]
[Black "Vujcic, Milena"]
[Result "0-1"]
[ECO "A35"]
[WhiteElo "1284"]
[BlackElo "1987"]
[Annotator "NA RC"]
[PlyCount "96"]
[EventDate "2022.06.24"]
[EventType "team-tourn"]
[EventCountry "NET"]
[SourceTitle "playchess.com"]
[Source "ChessBase"]
[SourceQuality "1"]
[WhiteTeam "Paraguay"]
[BlackTeam "Serbia"]
[WhiteTeamCountry "PAR"]
[BlackTeamCountry "SRB"]
[TimeControl "180+2"]

1. Nf3 g6 2. c4 c5 3. e3 Bg7 4. d4 cxd4 5. exd4 d6 6. Nc3 Nc6 7. Be2 Nf6 8. O-O O-O 9. b3 d5 10. Bg5 Ne4 11. Nxd5 Nxg5 12. Nxg5 Nxd4 13. Nf3 Nxf3+ 14. Bxf3 Bxa1 15. Qxa1 f6 16. Re1 e5 17. Qc3 Be6 18. g3 Rc8 19. Qb4 Qd7 20. Ne7+ Kf7 21. Nxc8 Rxc8 22. Qxb7 Rc7 23. Qe4 Qd2 24. Qe2 Qb4 25. Rd1 a5 26. Bd5 Bxd5 27. Rxd5 a4 28. Qd3 axb3 29. axb3 Ke7 30. Rb5 Qe1+ 31. Kg2 e4 32. Qe3 Qb1 33. Qb6 Rd7 34. Qc5+ Kf7 35. Qc6 Qd3 36. Rb7 Qf3+ 37. Kg1 Qd1+ 38. Kg2 Qf3+ 39. Kg1 Rxb7 40. Qxb7+ Ke6 41. Qc6+ Kf5 42. Qd7+ Kg5 43. h4+ Kh6 44. Qd8 e3 45. fxe3 Qxg3+ 46. Kf1 Qf3+ 47. Ke1 Qxe3+ 48. Kd1 Qxb3+ 0-1

[Event "Queens Festival Final Team 2022"]
[Site "Tornelo"]
[Date "2022.06.26"]
[Round "2.6"]
[White "Krush, Irina"]
[Black "Alboredo, Julia"]
[Result "1-0"]
[ECO "E92"]
[WhiteElo "2430"]
[BlackElo "2252"]
[Annotator "TA"]
[PlyCount "119"]
[EventDate "2022.06.24"]
[EventType "team-tourn"]
[EventCountry "NET"]
[SourceTitle "playchess.com"]
[Source "ChessBase"]
[SourceQuality "1"]
[WhiteTeam "United States"]
[BlackTeam "Brazil"]
[WhiteTeamCountry "USA"]
[BlackTeamCountry "BRA"]
[TimeControl "180+2"]

1. d4 Nf6 2. c4 g6 3. Nc3 Bg7 4. e4 d6 5. Nf3 O-O 6. Be2 e5 7. d5 a5 8. h3 Na6 9. Bg5 Bd7 {[%emt 0:00:03] E92: King's Indian: Classical: 6 Be2 e5: 7 dxe5, 7 Be3 and Petrosian System without 7...Nbd7.} 10. Nd2 h6 11. Be3 Nh7 {[%emt 0:00:05] White is slightly better.} 12. g4 $1 Nc5 13. Nb3 Nxb3 {[%emt 0:00:19] [#]} 14. Qxb3 $146 ({Predecessor:} 14. axb3 Qh4 15. c5 dxc5 16. Bxc5 Rfc8 17. Kf1 Nf6 18. f3 Ne8 19. Kg2 Bf8 20. Be3 {½-½ (86) Belov,V (2596)-Khairullin,I (2538) Kazan 2005}) 14... f5 15. gxf5 (15. Qxb7 f4 16. Bc1 Rb8 $11) 15... gxf5 16. O-O-O (16. Qxb7 Rb8 17. Qa7 Rxb2 $11) 16... f4 17. Bd2 a4 18. Qc2 Nf6 19. Rdg1 Kh7 20. Bg4 Qe7 (20... Nxg4 21. hxg4 Kg8 22. a3 $14) 21. Bxd7 (21. a3 $16) 21... Nxd7 (21... Qxd7 $14 22. Bxf4 exf4 23. e5+ Kh8 24. exf6 Rxf6) 22. f3 Bf6 23. Nb5 Nc5 24. Kb1 Rg8 {[%emt 0:00:04] [#]} (24... c6 $11 25. Nc3 Bh4) 25. Be1 (25. Bxf4 $1 $16 {[%mdl 512] Strongly threatening Be3.} c6 26. Nc3 $1 (26. Rxg8 Kxg8 27. Nxd6 exf4 $11)) 25... c6 $11 26. Nc3 Bh4 27. Rg4 (27. Rxg8 {keeps more tension.} Rxg8 28. Nxa4 Nxa4 29. Qxa4 Bxe1 30. Rxe1 c5 31. h4) 27... Bxe1 28. Rxe1 h5 29. Rxg8 Rxg8 30. Nxa4 Nxa4 31. Qxa4 {[%emt 0:00:01][%mdl 4096] Endgame KQR-KQR} Qh4 32. Rc1 Rg2 $2 (32... Qxh3 $11 33. dxc6 Qxf3) 33. dxc6 Qf2 34. Qb3 bxc6 35. a4 {[%emt 0:00:09][%cal Oc4c5] And now c5! would win.} (35. c5 dxc5 36. a4 Rg7 $16) 35... Qc5 36. Rc3 (36. h4 $18) 36... Rg1+ {[%emt 0:00:10] [#]} (36... Qf2 $2 37. c5 dxc5 38. Ka2 $18) 37. Ka2 $1 Rh1 $2 (37... h4 $16 {was worth a try.} 38. Qb7+ Rg7) 38. Qb7+ $18 Kh6 39. Qd7 (39. Qc8 $18) 39... Kg5 $2 (39... Rg1 $16 {is tougher.} 40. h4 Rg7 41. Qe6+ Rg6) 40. Qe7+ Kg6 41. Qe6+ Kg5 42. Ra3 $2 ({Better is} 42. Qf5+ $18 Kh4 43. Qf6+ Kxh3 44. Qg5) 42... Rc1 {[%emt 0:00:09] White must now prevent ...Kh4.} 43. a5 $2 (43. Qe7+ $11 Kg6 44. Qe8+ (44. Qe6+ Kg5 $14) 44... Kg7 45. Qe7+ (45. Qxh5 Qxc4+ 46. Rb3 Qxa4+ 47. Ra3 Qc4+ 48. Rb3 Qa6+ 49. Ra3 Qc4+ 50. Rb3 Rg1 $17) 45... Kg6 46. Rc3 (46. Qe6+ Kg5 $11) 46... Rxc3 47. Qe6+ Kg7 48. Qe7+ Kh6 49. bxc3) 43... Qg1 $4 (43... Qxc4+ $2 44. Qxc4 Rxc4 45. a6 $18) (43... Kh4 $19 44. a6 d5 45. Qf6+ (45. Qxe5 $2 Qxc4+ 46. Rb3 Qxa6+ 47. Ra3 Qc4+ 48. Rb3 Qa4+ 49. Ra3 Qd1 $19) 45... Kg3 46. Qg5+ (46. Qxe5 $2 Qxc4+ 47. b3 Qe2+ 48. Qb2 Rc2 $19) 46... Kh2) 44. Qg8+ Kh4 45. Qxg1 Rxg1 {[%emt 0:00:00] KR-KR} 46. a6 Rg8 47. a7 Ra8 {[%emt 0:00:01] [#]} 48. b4 $1 {[%emt 0:00:01] Hoping for b5.} Kxh3 49. b5 {[%emt 0:00:01] White threatens b6 and mate.} cxb5 50. cxb5 {[%emt 0:00:01] White mates.} Kg3 51. b6 h4 52. b7 Rxa7 53. Rxa7 {[%emt 0:00:01] KR-KP} h3 54. b8=Q h2 55. Qh8 Kg2 56. Rg7+ Kxf3 57. Qxh2 Kxe4 58. Qe2+ Kf5 59. Qd3+ Kf6 60. Rg6+ {[%emt 0:00:01] Weighted Error Value: White=0.36/Black=0.39} 1-0

[Event "Queens Festival Final Team 2022"]
[Site "Tornelo"]
[Date "2022.06.26"]
[Round "2.6"]
[White "Medeiros, Thauane Ferreira"]
[Black "Bian, Erin"]
[Result "0-1"]
[ECO "D00"]
[WhiteElo "1884"]
[BlackElo "1811"]
[Annotator "NA RC"]
[PlyCount "108"]
[EventDate "2022.06.24"]
[EventType "team-tourn"]
[EventCountry "NET"]
[SourceTitle "playchess.com"]
[Source "ChessBase"]
[SourceQuality "1"]
[WhiteTeam "Brazil"]
[BlackTeam "United States"]
[WhiteTeamCountry "BRA"]
[BlackTeamCountry "USA"]
[TimeControl "180+2"]

1. d4 Nf6 2. Bf4 e6 3. e3 c5 4. c3 d5 5. Nd2 Bd6 6. Bg3 O-O 7. Bd3 b6 8. Qe2 Bb7 9. Ngf3 Nc6 10. Ne5 Qc7 11. f4 Ne7 12. Bh4 Ne4 13. g4 f6 14. Nef3 f5 15. gxf5 Nxf5 16. Bf2 cxd4 17. exd4 Bxf4 18. Nxe4 dxe4 19. Bxe4 Bxe4 20. Qxe4 Rae8 21. Ne5 Nd6 22. Qe2 Nf7 23. Nd3 Ng5 24. h4 Nf3+ 25. Kd1 Bg3 26. Bxg3 Qxg3 27. Kc2 e5 28. d5 e4 29. Nb4 a5 30. Nc6 Qd6 31. Raf1 Qxd5 32. Nd4 Nxd4+ 33. cxd4 Qxd4 34. Kb1 Qd3+ 35. Qxd3 exd3 36. Rd1 Rd8 37. a3 Rf2 38. h5 h6 39. Rhg1 d2 40. Ka2 Rd5 41. Rh1 a4 42. Rhg1 Rxh5 43. Rg6 b5 44. Rd6 Rhh2 45. Rd8+ Kh7 46. Rd7 Re2 47. Rg1 Rhg2 48. Rd1 h5 49. Rd5 g6 50. Rd7+ Kh6 51. Rd6 h4 52. Kb1 h3 53. Kc2 h2 54. Rh1 Rg1 0-1

[Event "Queens Festival Final Team 2022"]
[Site "Tornelo"]
[Date "2022.06.26"]
[Round "2.6"]
[White "Yellamraju, Aparna"]
[Black "Bucci, Andrea Vidigal"]
[Result "1-0"]
[ECO "D15"]
[WhiteElo "1720"]
[BlackElo "1769"]
[Annotator "NA RC"]
[PlyCount "119"]
[EventDate "2022.06.24"]
[EventType "team-tourn"]
[EventCountry "NET"]
[SourceTitle "playchess.com"]
[Source "ChessBase"]
[SourceQuality "1"]
[WhiteTeam "United States"]
[BlackTeam "Brazil"]
[WhiteTeamCountry "USA"]
[BlackTeamCountry "BRA"]
[TimeControl "180+2"]

1. d4 d5 2. c4 c6 3. Nf3 Nf6 4. e3 dxc4 5. Bxc4 Bf5 6. O-O e6 7. Nc3 Nbd7 8. Bd3 Bxd3 9. Qxd3 Be7 10. b3 O-O 11. Bb2 c5 12. dxc5 Nxc5 13. Qe2 Qc7 14. Rfd1 Rad8 15. Rac1 Qb8 16. h3 Nce4 17. Nxe4 Nxe4 18. Be5 Bd6 19. Bxd6 Rxd6 20. Rxd6 Qxd6 21. Qc4 Nf6 22. Qc7 Qa6 23. Qc2 Nd5 24. a4 h6 25. Nd4 Nb4 26. Qd2 Qb6 27. Nb5 Rd8 28. Qxb4 a6 29. Qc5 Rd1+ 30. Kh2 Qxc5 31. Rxc5 axb5 32. Rxb5 Rd7 33. Kg3 Kf8 34. Kf4 Ke7 35. Ke4 Kd6 36. Rb4 Kc5 37. Rc4+ Kb6 38. f4 Rd2 39. Kf3 Rd3 40. b4 Rd7 41. g4 Ka6 42. h4 b5 43. Rc6+ Kb7 44. axb5 Rd5 45. Rc5 Rd3 46. Ke4 Rb3 47. Rc4 Kb6 48. h5 Kxb5 49. Rc7 Rxb4+ 50. Kf3 Rb1 51. Rxf7 e5 52. Rxg7 exf4 53. exf4 Rb3+ 54. Ke4 Rb4+ 55. Kf5 Kc4 56. Rg6 Rb5+ 57. Ke4 Rd5 58. Rc6+ Rc5 59. Rxc5+ Kxc5 60. Ke5 1-0

[Event "Queens Festival Final Team 2022"]
[Site "Tornelo"]
[Date "2022.06.26"]
[Round "3.1"]
[White "Alboredo, Julia"]
[Black "Subramanian, Anusha"]
[Result "1-0"]
[ECO "C01"]
[WhiteElo "2252"]
[BlackElo "1671"]
[Annotator "TA"]
[PlyCount "143"]
[EventDate "2022.06.24"]
[EventType "team-tourn"]
[EventCountry "NET"]
[SourceTitle "playchess.com"]
[Source "ChessBase"]
[SourceQuality "1"]
[WhiteTeam "Brazil"]
[BlackTeam "England"]
[WhiteTeamCountry "BRA"]
[BlackTeamCountry "ENG"]
[TimeControl "180+2"]

1. e4 e6 2. d4 d5 3. Bd3 dxe4 4. Bxe4 Nf6 5. Bf3 Bd6 6. Ne2 {[%emt 0:00:05] C01: French: Exchange Variation.} c6 7. O-O O-O 8. c4 {[%emt 0:00:04] The position is equal.} Qc7 9. g3 (9. c5 $14 Be7 10. Bf4) 9... b6 (9... e5 $15) 10. Nbc3 $11 Bb7 {[%emt 0:00:01] [#]} 11. Qc2 $146 ({Predecessor:} 11. Bg5 Nbd7 12. Rc1 h6 13. Bxf6 Nxf6 14. d5 Rad8 15. Qa4 Rc8 16. dxc6 Bxc6 17. Bxc6 Qxc6 18. Qxc6 Rxc6 19. b3 a6 {½-½ (19) Martin Vazquez,J (1832)-Lopez Orellana,F (1732) Madrid 2019}) 11... a6 12. Bf4 Nbd7 13. Rfd1 Rfd8 14. Bg5 Be7 (14... h6 $5 15. Bxf6 Nxf6 $11) 15. Rac1 h6 16. Bf4 Bd6 17. Ne4 Nxe4 18. Bxe4 Nf6 19. Bg2 c5 (19... Bxf4 $11 20. Nxf4 a5) 20. Bxb7 $14 (20. Bxd6 {feels hotter.} Rxd6 21. Bxb7 Qxb7 22. dxc5 Rxd1+ 23. Rxd1 bxc5 24. Nc3) 20... Qxb7 21. Bxd6 Rxd6 22. dxc5 Rxd1+ 23. Rxd1 bxc5 24. b3 a5 (24... Ne4 $11 {remains equal.}) 25. Nc3 $16 Nd7 26. Qe4 Qa7 {[%emt 0:00:17][%mdl 8192] [#] This costs Black the game.} (26... Qxe4 $16 27. Nxe4 Ra7) 27. Rxd7 $1 $18 Qxd7 28. Qxa8+ Kh7 29. Qe4+ f5 30. Qc2 Qd4 31. Ne2 Qf6 32. Qc3 Qd8 33. Qe5 Qd7 34. h4 a4 35. Nf4 axb3 36. axb3 Qd1+ 37. Kg2 Qxb3 38. Qxe6 Qc2 39. Qg6+ Kh8 40. Nh5 (40. Ne6 $142 Qe4+ 41. Kh2 Qe5 42. Qe8+ Kh7 43. Nf8+ Kg8 44. Qxe5 Kxf8 45. Qxc5+ Kf7 46. Qxf5+ Ke7 47. c5) 40... Qe4+ 41. Kh2 {[%emt 0:00:02][%csl Gh5][%cal Rg6g7] [#]} Qe7 42. Qxf5 {[%emt 0:00:03] White mates.} Qd6 43. Nf4 Kg8 44. Qd5+ Qxd5 45. Nxd5 {[%emt 0:00:00] KN-K3P} Kf7 46. Kg2 Ke6 47. Kf3 Ke5 48. Ke3 g5 49. hxg5 hxg5 50. f4+ gxf4+ 51. gxf4+ {[%emt 0:00:00] KN-KP} Kf5 52. Kf3 Ke6 53. Ke4 Kd6 54. Kf5 Kd7 55. Kf6 Kd6 56. f5 Kd7 57. Ke5 Ke8 58. Kd6 Kf7 59. Kxc5 Ke8 60. Kd6 Kf7 61. c5 Ke8 62. c6 Kd8 63. c7+ Kc8 64. Ne7+ Kb7 65. c8=Q+ Kb6 66. Qc7+ Kb5 67. Qc5+ Ka4 68. Qb6 Ka3 69. Kc5 Ka2 70. Kc4 Ka1 71. Kc3 Ka2 72. Qb2# {[%emt 0:00:01] Weighted Error Value: White=0.21 (precise) /Black=0.26 (precise)} 1-0

[Event "Queens Festival Final Team 2022"]
[Site "Tornelo"]
[Date "2022.06.26"]
[Round "3.1"]
[White "Grigoryan, Meri"]
[Black "Medeiros, Thauane Ferreira"]
[Result "0-1"]
[ECO "D02"]
[WhiteElo "1993"]
[BlackElo "1884"]
[Annotator "NA RC"]
[PlyCount "48"]
[EventDate "2022.06.24"]
[EventType "team-tourn"]
[EventCountry "NET"]
[SourceTitle "playchess.com"]
[Source "ChessBase"]
[SourceQuality "1"]
[WhiteTeam "England"]
[BlackTeam "Brazil"]
[WhiteTeamCountry "ENG"]
[BlackTeamCountry "BRA"]
[TimeControl "180+2"]

1. d4 d5 2. Nf3 Nf6 3. Bf4 c5 4. c3 Nc6 5. e3 Qb6 6. Qc1 Bf5 7. Nbd2 e6 8. Ne5 Nh5 9. Nxc6 Nxf4 10. exf4 bxc6 11. Nf3 cxd4 12. cxd4 Bb4+ 13. Kd1 O-O 14. a3 Be7 15. Qc3 c5 16. Rc1 c4 17. h3 Rab8 18. g4 Be4 19. Rg1 Bxf3+ 20. Qxf3 Qxb2 21. f5 Qxd4+ 22. Ke1 Rb3 23. Qe2 Bxa3 24. Rd1 Bb4+ 0-1

[Event "Queens Festival Final Team 2022"]
[Site "Tornelo"]
[Date "2022.06.26"]
[Round "3.1"]
[White "Bucci, Andrea Vidigal"]
[Black "Posadas, Rayelynn"]
[Result "0-1"]
[ECO "B42"]
[WhiteElo "1769"]
[BlackElo "1648"]
[Annotator "NA RC"]
[PlyCount "108"]
[EventDate "2022.06.24"]
[EventType "team-tourn"]
[EventCountry "NET"]
[SourceTitle "playchess.com"]
[Source "ChessBase"]
[SourceQuality "1"]
[WhiteTeam "Brazil"]
[BlackTeam "England"]
[WhiteTeamCountry "BRA"]
[BlackTeamCountry "ENG"]
[TimeControl "180+2"]

1. e4 c5 2. Nf3 e6 3. d4 cxd4 4. Nxd4 a6 5. Be3 Nf6 6. Bd3 b5 7. O-O Bb7 8. f3 Bc5 9. Qe2 Qb6 10. c3 Nc6 11. Qf2 O-O 12. b4 Bxd4 13. Bxd4 Nxd4 14. Qxd4 Qxd4+ 15. cxd4 Rac8 16. Nd2 Rc3 17. Be2 Rc2 18. Rfd1 Rfc8 19. Kf2 Rb2 20. Bd3 Rxb4 21. Ke3 d5 22. Rdc1 Rd8 23. e5 Nd7 24. Rc7 Ba8 25. Ra7 Nb6 26. Rxa6 Nc4+ 27. Nxc4 dxc4 28. Be4 Bxe4 29. fxe4 c3 30. Rc1 Rc4 31. d5 exd5 32. exd5 h6 33. Rd6 Re8 34. e6 b4 35. Kd3 Rc7 36. Rf1 fxe6 37. Rxe6 Rxe6 38. dxe6 Ra7 39. Rf2 Re7 40. Re2 Kf8 41. Kc4 Rb7 42. Kb3 Ke7 43. a3 bxa3+ 44. Kxc3 Rb6 45. Ra2 Rxe6 46. Kb3 Kf6 47. Kxa3 Ra6+ 48. Kb3 Rxa2 49. Kxa2 Kf5 50. Kb2 Ke4 51. Kc2 Ke3 52. g4 Kf3 53. h3 Kg3 54. Kd3 Kxh3 0-1

[Event "Queens Festival Final Team 2022"]
[Site "Tornelo"]
[Date "2022.06.26"]
[Round "3.1"]
[White "Catabay, Mae Katelyn Rose"]
[Black "Gomes, Maria Eduarda Papini"]
[Result "1-0"]
[ECO "B18"]
[WhiteElo "1321"]
[BlackElo "1618"]
[Annotator "NA RC"]
[PlyCount "111"]
[EventDate "2022.06.24"]
[EventType "team-tourn"]
[EventCountry "NET"]
[SourceTitle "playchess.com"]
[Source "ChessBase"]
[SourceQuality "1"]
[WhiteTeam "England"]
[BlackTeam "Brazil"]
[WhiteTeamCountry "ENG"]
[BlackTeamCountry "BRA"]
[TimeControl "180+2"]

1. e4 c6 2. d4 d5 3. Nc3 dxe4 4. Nxe4 Bf5 5. Ng3 Bg6 6. Nf3 Nf6 7. Be3 e6 8. Be2 Bd6 9. O-O O-O 10. Rc1 Ng4 11. Qd2 Nxe3 12. Qxe3 Nd7 13. c4 c5 14. Rfd1 cxd4 15. Qxd4 Bxg3 16. Qxd7 Bc7 17. Qxd8 Raxd8 18. Nh4 Be4 19. Bf3 Bxf3 20. Nxf3 f6 21. Nd4 Rfe8 22. Nb5 Bb6 23. b4 a6 24. Nc3 e5 25. c5 Ba7 26. Nd5 Kf7 27. Nc7 Rxd1+ 28. Rxd1 Re7 29. Nd5 Rd7 30. Ne3 Rxd1+ 31. Nxd1 Ke6 32. Nc3 b6 33. c6 Kd6 34. b5 axb5 35. Nxb5+ Kxc6 36. Nxa7+ Kc5 37. Kf1 Kb4 38. Nc8 b5 39. Nd6 Ka4 40. Ke2 b4 41. Kd3 Ka3 42. Kc4 Kxa2 43. Kxb4 Kb2 44. Ne8 Kc2 45. Nxg7 Kd2 46. Nh5 f5 47. Ng3 f4 48. Ne4+ Kd3 49. Nf6 Ke2 50. Ng4 e4 51. Kc4 Kf1 52. Kd4 Kxg2 53. Kxe4 h5 54. Kxf4 hxg4 55. Kxg4 Kxf2 56. h4 1-0